 Dungeon Crawl Stone Soup version 0.18.1-50-g88ac8fd (webtiles) character file.

60 HumanTension the Magician (level 3, -5/19 HPs)
             Began as a Deep Elf Wizard on Oct 19, 2016.
             Slain by Grinder (6 damage)
             ... while paralysed by Grinder
             ... on level 3 of the Dungeon.
             The game lasted 00:17:33 (1784 turns).

HumanTension the Magician (Deep Elf Wizard)         Turns: 1784, Time: 00:17:34

Health: -5/19      AC:  2    Str:  4    XL:     3   Next: 80%
Magic:  5/12       EV:  2    Int: 23    God:
Gold:   110        SH:  0    Dex: 13    Spells: 1 memorised, 12 levels left

rFire  . . .     SeeInvis .     m - +0 dagger
rCold  . . .     Gourm    .     e - +0 robe
rNeg   . . .     Faith    .     (no shield)
rPois  .         Spirit   .     b - +0 hat
rElec  .         Dismiss  .     (no cloak)
rCorr  .         Reflect  .     (no gloves)
SustAt .         Harm     .     (no boots)
MR     .....                    (no amulet)
Stlth  ++........               (no ring)
                                (no ring)

@: paralysed, not resistant to hostile enchantments, unstealthy
A: no striking features
a: no special abilities


You were on level 3 of the Dungeon.
You were not hungry.

You visited 1 branch of the dungeon, and saw 3 of its levels.

You collected 110 gold pieces.

Inventory:

Hand Weapons
 m - a +0 dagger (weapon)
Armour
 b - a +0 hat (worn)
 e - a +0 robe (worn)
Jewellery
 r - a +2 amulet of reflection {unknown}
Scrolls
 a - a scroll of fear {unknown}
 f - a scroll of amnesia {unknown}
 g - 5 scrolls of identify {unknown}
 i - a scroll of enchant weapon {unknown}
 j - 2 scrolls of remove curse {unknown}
 k - 2 scrolls of enchant armour {unknown}
 l - a scroll of teleportation {unknown}
 n - a scroll of noise {unknown}
Potions
 h - a potion of flight
 o - a potion of magic {unknown}
 q - a potion of degeneration {unknown}
 s - a potion of curing {unknown}
Books
 c - a book of Minor Magic

   Spells                             Type                      Level
   a - Magic Dart                     Conjuration                  1
   b - Blink                          Translocation                2
   c - Call Imp                       Summoning                    2
   d - Repel Missiles                 Charms/Air                   2
   e - Slow                           Hexes                        2
   f - Conjure Flame                  Conjuration/Fire             3
   g - Mephitic Cloud                 Conjuration/Poison/Air       3
Comestibles
 d - 3 bread rations
 p - a meat ration


   Skills:
 + Level 3.0 Dodging
 + Level 3.3 Stealth
 + Level 5.5 Spellcasting
 + Level 1.7 Conjurations
   Level 1.1 Summonings
   Level 1.1 Translocations


You had 12 spell levels left.
You knew the following spells:

 Your Spells              Type           Power        Failure   Level  Hunger
a - Magic Dart            Conj           ##..         4%          1    None


Dungeon Overview and Level Annotations

Branches:
Dungeon (3/15)

Altars:

Annotations:
D:3 Grinder


Message History

Press: ? - help, Shift-Dir - straight line, f - Grinder
Aim: Grinder The magic dart hits Grinder.
Grinder is lightly wounded.
Casting: Magic Dart
Confirm with . or Enter, or press ? or * to list all spells.
Aiming: Magic Dart
Press: ? - help, Shift-Dir - straight line, f/p - Grinder
Aim: Grinder (lightly wounded)
The magic dart hits Grinder.
Grinder is lightly wounded.
Grinder blinks!
Grinder hits you!
You writhe in agony.
Found a scroll labeled JIUXOZ BIFAO.
Grinder gestures at you.
You suddenly lose the ability to move!
Grinder hits you.
* * * LOW HITPOINT WARNING * * *
You writhe in agony.
You die...

.# ?# .# .# .# #
.# #.##########.##
###........@5...#
#.<†....######..#
#.#####.# #..#
#.#### #..# #....#
#..# # #.##.# #..#
#.#####.##.###..##
#.......##.......#
####.#####.......#


You could see Grinder.

Vanquished Creatures
  2 adders (D:2)
  A dart slug (D:2)
  2 orcs (D:3)
  A giant cockroach (D:2)
  7 goblins
  5 hobgoblins
  2 quokkas (D:2)
  A ball python (D:1)
  4 bats
  2 giant newts (D:2)
  6 kobolds
  5 rats
38 creatures vanquished.

Notes
Turn   | Place    | Note
--------------------------------------------------------------
     0 | D:1      | HumanTension the Deep Elf Wizard began the quest for the Orb.
     0 | D:1      | Reached XP level 1. HP: 10/10 MP: 7/7
   333 | D:1      | Reached XP level 2. HP: 15/15 MP: 7/9
   627 | D:1      | Reached skill level 5 in Spellcasting
   927 | D:2      | Reached XP level 3. HP: 19/19 MP: 7/11
  1770 | D:3      | Noticed Grinder
  1782 | D:3      | Paralysed by Grinder for 5 turns
  1784 | D:3      | Slain by Grinder

Skill      XL: |  1  2  3 |
---------------+----------+-----
Spellcasting   | 5 |  5.5
Stealth        | 3 |  3.3
Dodging        | 3 |  3.0
Conjurations   | |  1.7
Summonings     | |  1.1
Translocations | |  1.1

Action                   || total
-------------------------++-------
 Cast: Magic Dart        ||   103
  Use: Potion            ||     1
  Eat: Meat ration       ||     1
Armor: Robe              ||     4
Dodge: Dodged            ||    26
